 Dungeon Crawl Stone Soup version 0.25-a0-306-g3faca94807 (webtiles) character file.

Game seed: 581342601075822661, levelgen mode: deterministic

9685 Gargoyl the Archer (level 11, -4/100 HPs)
             Began as a Centaur Abyssal Knight on Dec 20, 2019.
             Was a Priest of Lugonu.
             Slain by a salamander
             ... wielding a +0 trident
              (8 damage)
             ... in a volcano on Dec 21, 2019.
             The game lasted 00:22:05 (12733 turns).

Gargoyl the Archer (Centaur Abyssal Knight)        Turns: 12733, Time: 00:22:06

Health: -4/100     AC: 16    Str: 17    XL:     11   Next: 26%
Magic:  12/17      EV: 22    Int: 11    God:    Lugonu [***...]
Gold:   609        SH:  0    Dex: 10    Spells: 10/10 levels left

rFire    + + .     SeeInvis .   H - +2 war axe (pain)
rCold    + . .     Gourm    .   (no shield)
rNeg     . . .     Faith    .   L - +1 chain mail {rF+}
rPois    +         Spirit   .   z - +2 hat
rElec    .         Reflect  .   d - +0 cloak of Unambiguity {+Fly rPois rC+}
rCorr    +         Harm     .   o - +2 pair of gloves
MR       .....     Clarity  +   (no barding)
Stlth    ..........             g - amulet of the acrobat
HPRegen  0.26/turn              e - ring of protection from fire
MPRegen  0.15/turn              B - ring of resist corrosion

@: acrobat, very quick
A: large, hooves 3, blurry vision 1, clarity, deformed body, speed 2, robust 1,
tough skin 3, subdued magic 1
a: Depart the Abyss, Bend Space, Banish, Renounce Religion, Evoke Flight


You were in a volcano.
You worshipped Lugonu.
Lugonu was most pleased with you.
You were near starving.

You visited 2 branches of the dungeon, and saw 10 of its levels.
You visited the Abyss 2 times.
You also visited: Volcano.

You collected 609 gold pieces.

Inventory:

Hand Weapons
 a - a +1 hand axe
 p - the +9 shortbow of Responsibility {flame, rPois}
   (You found it on level 4 of the Dungeon)

   It causes projectiles fired from it to burn those they strike, causing extra
   injury to most foes and up to half again as much damage against particularly
   susceptible opponents.
   It protects you from poison.
 H - a +2 war axe of pain (weapon)
Missiles
 w - 25 boomerangs (quivered)
 I - 7 arrows
Armour
 d - the +0 cloak of Unambiguity (worn) {+Fly rPois rC+}
   (You found it on level 2 of the Abyss)

   It protects you from cold.
   It protects you from poison.
   It lets you fly.
 o - a +2 pair of gloves (worn)
 z - a +2 hat (worn)
 F - the +2 ring mail "Itemuoda" {Dex+3}
   (You found it on level 6 of the Dungeon)

   It affects your dexterity (+3).
 L - a +1 chain mail of fire resistance (worn)
Jewellery
 e - a ring of protection from fire (left hand)
 g - an amulet of the acrobat (around neck)
 B - a ring of resist corrosion (right hand)
 E - an uncursed ring of flight
Wands
 h - a wand of enslavement (3)
 k - a wand of acid (7)
 s - a wand of random effects (26)
 x - a wand of polymorph (11)
 y - a wand of disintegration (18)
 D - a wand of flame (25)
Scrolls
 l - 2 scrolls of enchant armour
 n - 8 scrolls of remove curse
 q - 2 scrolls of teleportation
 r - a scroll of identify
 u - 4 scrolls of magic mapping
 J - a scroll of summoning {unknown}
Potions
 b - 2 potions of agility
 f - a potion of heal wounds {unknown}
 i - 2 potions of haste
 j - a potion of mutation
 m - a potion of flight {unknown}
 t - a potion of magic {unknown}
 v - 2 potions of lignification {unknown}
 A - 2 potions of curing
 C - a potion of cancellation {unknown}
 G - 3 potions of berserk rage {unknown}
 K - a potion of resistance {unknown}
 M - 2 potions of brilliance {unknown}
 N - a potion of might {unknown}
Comestibles
 c - 17 rations


   Skills:
 + Level 6.7 Fighting
 + Level 6.0 Axes
 + Level 10.7 Bows
 + Level 0.8 Throwing
 * Level 6.5 Armour
 * Level 5.1 Dodging
 * Level 8.3 Invocations


You had 10 spell levels left.
You didn't know any spells.
Your spell library contained the following spells:

 Spells                   Type           Power        Failure   Level  Hunger
 Summon Lightning Spire   Summ/Air       #.......     100%        4    #####..
 Silence                  Hex/Air        #.........   100%        5    ######.
 Conjure Ball Lightning   Conj/Air       #.........   100%        6    #######
 Deflect Missiles         Chrm/Air       #.........   100%        6    #######
 Tornado                  Air            #.........   100%        9    #######


Dungeon Overview and Level Annotations

Branches:
Dungeon (9/15)             Temple (0/1) D:4            Lair (1/6) D:8
Volcano (1/1)
    Orc: D:9-12

Altars:
Dithmenos
Fedhas
Gozag
Kikubaaqudgha
Nemelex Xobeh
Okawaru
Qazlal
Trog
Uskayaw
Vehumet
Xom
Yredelemnul
Zin


Innate Abilities, Weirdness & Mutations

You have hooves in place of feet.
Armour fits poorly on your strangely shaped body.
You cover ground very quickly.
You have extremely tough skin. (AC +3)
Scrolls take you a little longer to read.
You possess an exceptional clarity of mind.
You are robust. (+10% HP)
Your spells are a little easier to cast, but a little less powerful.


Message History

The salamander struggles to resist.
You are near starving!
The salamander hits you with a +0 trident!
* * * LOW HITPOINT WARNING * * *
You are engulfed in flames.
You resist.
* * * LOW HITPOINT WARNING * * *
The salamander hits you but does no damage.
Okay, then.
Okay, then.
Space bends around you!
You blink.
The salamander hits you with a +0 trident.
* * * LOW HITPOINT WARNING * * *
You are engulfed in flames.
You resist.
* * * LOW HITPOINT WARNING * * *
The salamander hits you from afar with a +0 halberd.
* * * LOW HITPOINT WARNING * * *
You are engulfed in flames.
You resist.
* * * LOW HITPOINT WARNING * * *
The salamander hits you from afar with a +0 trident!
You die...

##§ §≈≈#######§§§≈≈#
##§§≈≈###...).###≈≈≈##
#≈≈§§##.#.[.).#.##≈≈§#
##≈≈≈≈#..'.....'..#§≈§##
#≈≈§§##N.'.._..'..##≈≈≈#
≈≈§§§#..N#.....#...#§≈§§
≈§§§§#.N.#######...#≈≈≈≈
≈§§≈≈#...'.)...'...#≈≈≈≈
#§§§§#.@.#..≈..#)..#≈≈≈≈
##≈§§#...#8≈≈≈8#...#≈≈≈≈
#≈≈§≈##..+..≈..'..##§≈≈≈
#≈≈§§ #..+....)'..#≈§≈≈≈
## ≈##.#8...8#)##§§ ≈#
≈≈###.....###§≈§
§≈§≈≈.....≈≈§§§≈#
#≈§≈≈8...8≈≈§§§≈#
###≈§.....≈§≈≈§##


You could see 3 salamanders.

Vanquished Creatures
  Erolcha (D:9)
  Harold (D:7)
  A salamander mystic (Volcano)
  Pikel (D:7)
  2 salamanders (Volcano)
  2 spiny frogs (Lair:1)
  2 hippogriffs
  Sigmund (D:4)
  Menkaure (D:4)
  4 slaves (D:7)
  A porcupine (Lair:1)
  6 phantoms
  3 orc warriors
  2 ice beasts
  3 sky beasts
  8 ogres
  A crocodile (Lair:1)
  4 bullfrogs
  A gnoll sergeant (D:8)
  5 scorpions
  2 howler monkeys
  2 jellies
  A crimson imp (D:8)
  2 hounds (D:7)
  4 bullfrog zombies
  2 bullfrog skeletons
  6 gnoll shamans (D:8)
  4 orc priests
  9 orc wizards
  Jessica (D:3)
  An iguana (D:6)
  Ijyb (D:5)
  Natasha (twice) (D:4)
  4 worker ants
  2 hound zombies
  A howler monkey zombie (D:8)
  13 adders
  19 gnolls
  A shadow imp (D:7)
  2 ufetubi (Abyss:1)
  An ooze (D:3)
  2 adder zombies
  3 worms
  2 dart slugs
  3 leopard geckos
  29 orcs
  4 bats
  6 giant cockroaches
  12 hobgoblins
  18 jackals
  6 quokkas
  A ball python (D:3)
  6 frilled lizards
  A giant cockroach zombie (D:5)
  8 goblins
  9 kobolds
  A leopard gecko skeleton (D:4)
  A quokka skeleton (D:5)
  6 rats
  A spectral orc (D:6)
249 creatures vanquished.

Vanquished Creatures (others)
  A two-headed ogre (D:9)
  A hell knight (Volcano)
  A salamander (Volcano)
  2 hell hounds (Lair:1)
  2 orc warriors (D:8)
  A black bear (D:9)
  6 fungi (D:8)
  4 plants (D:8)
18 creatures vanquished.

Grand Total: 267 creatures vanquished

Notes
Turn   | Place    | Note
-------+----------+-------------------------------------------
     0 | Abyss:1  | Gargoyl the Centaur Abyssal Knight began the quest for the
                  | Orb.
     0 | Abyss:1  | Reached XP level 1. HP: 19/19 MP: 2/2
    88 | Abyss:2  | Got a jewelled cloak
    94 | Abyss:2  | Identified the cursed +0 cloak of Unambiguity {+Fly rPois
                  | rC+} (You found it on level 2 of the Abyss)
   163 | Abyss:2  | Noticed a Hell Sentinel
   164 | D:1      | Escaped the Abyss
   559 | D:1      | Reached XP level 2. HP: 26/26 MP: 3/3
   777 | D:1      | Reached * piety under Lugonu
  1082 | D:1      | Reached skill level 1 in Dodging
  1082 | D:1      | Reached XP level 3. HP: 22/31 MP: 4/4
  1721 | D:2      | Reached XP level 4. HP: 33/38 MP: 5/5
  2329 | D:2      | Reached ** piety under Lugonu
  2482 | D:3      | Reached XP level 5. HP: 38/46 MP: 7/7
  2877 | D:3      | Reached XP level 6. HP: 50/52 MP: 8/8
  3298 | D:3      | Noticed Jessica
  3320 | D:3      | Killed Jessica
  3340 | D:3      | Gained mutation: Your spells are a little easier to cast,
                  | but a little less powerful. [potion of mutation]
  3340 | D:3      | Gained mutation: Scrolls take you a little longer to read.
                  | [potion of mutation]
  3340 | D:3      | Gained mutation: You possess an exceptional clarity of
                  | mind. [potion of mutation]
  3340 | D:3      | Gained mutation: You are robust. (+10% HP) [potion of
                  | mutation]
  3369 | D:3      | Reached *** piety under Lugonu
  3654 | D:3      | Found a radiant altar of Vehumet.
  3654 | D:3      | Found a stormy altar of Qazlal.
  3659 | D:3      | Found a sparkling altar of Nemelex Xobeh.
  3661 | D:3      | Found an ancient bone altar of Kikubaaqudgha.
  3662 | D:3      | Found a faded altar of an unknown god.
  3767 | D:4      | Reached XP level 7. HP: 64/64 MP: 9/9
  3997 | D:4      | Got a polished shortbow
  4185 | D:2      | Identified the +9 shortbow of Responsibility {flame, rPois}
                  | (You found it on level 4 of the Dungeon)
  4290 | D:4      | Noticed Menkaure
  4295 | D:4      | Killed Menkaure
  4538 | D:4      | Noticed Natasha
  4540 | D:4      | Killed Natasha
  4540 | D:4      | Reached skill level 1 in Bows
  4587 | D:4      | Found a staircase to the Ecumenical Temple.
  4589 | D:4      | Noticed Sigmund
  4592 | D:4      | Killed Sigmund
  4592 | D:4      | Reached skill level 2 in Bows
  4722 | D:4      | Reached skill level 3 in Bows
  4722 | D:4      | Reached XP level 8. HP: 72/72 MP: 11/11
  4813 | D:4      | Noticed Natasha
  4825 | D:4      | Killed Natasha
  4911 | D:5      | Entered Level 5 of the Dungeon
  5049 | D:5      | Reached skill level 4 in Bows
  5164 | D:5      | Noticed Ijyb
  5183 | D:5      | Killed Ijyb
  5401 | D:5      | Found a glowing silver altar of Zin.
  5402 | D:5      | Found an opulent altar of Gozag.
  5494 | D:5      | Found a blossoming altar of Fedhas.
  5500 | D:5      | Found a shadowy altar of Dithmenos.
  5810 | D:6      | Reached skill level 5 in Bows
  5884 | D:6      | Reached skill level 5 in Invocations
  5899 | D:6      | Got a pitted ring mail
  5910 | D:6      | Identified the +2 ring mail "Itemuoda" {Dex+3} (You found
                  | it on level 6 of the Dungeon)
  5935 | D:6      | Reached skill level 6 in Bows
  5993 | D:6      | Found a shimmering altar of Xom.
  6075 | D:6      | Reached **** piety under Lugonu
  6223 | D:6      | Found a basalt altar of Yredelemnul.
  6249 | D:6      | Found a shadowy altar of Dithmenos.
  6294 | D:6      | Reached skill level 7 in Bows
  6294 | D:6      | Reached XP level 9. HP: 80/80 MP: 12/12
  6508 | D:7      | Reached skill level 5 in Fighting
  6672 | D:7      | Noticed Harold
  6699 | D:7      | Killed Harold
  6699 | D:7      | Reached skill level 8 in Bows
  6699 | D:7      | Reached skill level 5 in Armour
  6745 | D:7      | Noticed a -2 dagger
  6745 | D:7      | Noticed a +0 dagger
  6771 | D:7      | Reached skill level 9 in Bows
  6776 | D:7      | Found a hide-covered altar of Uskayaw.
  6876 | D:7      | Noticed Pikel
  6900 | D:7      | Killed Pikel
  7032 | D:7      | Found a bloodstained altar of Trog.
  7034 | D:7      | Found an iron altar of Okawaru.
  7132 | D:7      | Reached XP level 10. HP: 91/91 MP: 14/14
  7403 | D:8      | Reached ***** piety under Lugonu
  7420 | D:7      | Reached skill level 10 in Bows
  8252 | D:8      | Found a staircase to the Lair.
  8421 | D:9      | Noticed a two-headed ogre
  8428 | D:9      | Banished a two-headed ogre
 10269 | D:8      | Reached skill level 5 in Axes
 10816 | D:9      | Upgraded the game from 0.25-a0-302-g9f758675c1 to
                  | 0.25-a0-306-g3faca94807
 10866 | D:9      | Noticed Erolcha
 10873 | D:9      | Cast into level 1 of the Abyss (Erolcha)
 10982 | Abyss:1  | Noticed a worldbinder
 10985 | Abyss:1  | Noticed a necromancer
 11076 | Abyss:1  | Noticed a rakshasa
 11089 | Abyss:1  | Noticed a hell hog
 11093 | D:9      | Escaped the Abyss
 11102 | D:9      | Killed Erolcha
 11423 | Lair:1   | Entered Level 1 of the Lair of Beasts
 11435 | Lair:1   | Noticed a spiny frog
 11459 | Lair:1   | Killed a spiny frog
 11712 | Lair:1   | Noticed a spiny frog
 11723 | Lair:1   | Killed a spiny frog
 11723 | Lair:1   | Reached XP level 11. HP: 71/100 MP: 16/16
 11754 | Lair:1   | Found a dark tunnel.
 11766 | Volcano  | Entered a volcano
 11967 | Volcano  | Noticed a salamander mystic
 11970 | Volcano  | Found a bloodstained altar of Trog.
 11987 | Volcano  | Killed a salamander mystic
 11987 | Volcano  | Reached skill level 5 in Dodging
 11989 | Volcano  | Noticed a hell knight
 12106 | Volcano  | Banished a hell knight
 12732 | Volcano  | HP: 4/100 [salamander/+0 halberd (3)]
 12733 | Volcano  | Slain by a salamander

Levels and vault maps discovered:
D:1:      eino_arrival_water_star, layout_loops_ring
D:2:      layout_loops_ring
D:3:      layout_basic, chequers_temple_overflow_minitemple, uniq_jessica
D:4:      layout_loops_corners, minmay_temple_entry_tees, first_ration,
          uniq_menkaure, uniq_sigmund, uniq_natasha
D:5:      minmay_inner_zag, layout_basic, grunt_temple_overflow_gold_and_silver,
          amethyst_overflow_temple_binary, uniq_ijyb
D:6:      layout_basic, nicolae_overflow_crystal_walls,
          yredelemnul_forgotten_temple_becter, grunt_dithmenos_smoke_and_mirrors
D:7:      layout_cave_pods, grunt_temple_overflow_bloody_war,
          dancing_weapons_uskayaw, uniq_pikel, uniq_harold
D:8:      kennysheep_seaside_town, layout_basic, lair_entry_dummy
D:9:      layout_gridville, serial_glass, glass_columns_b, glass_columns_c,
          uniq_erolcha
Lair:1:   layout_loops_ring, enter_volcano_3, grunt_megastairs_4
Volcano:  kennysheep_volcano_temple

Skill      XL: |  1  2  3  4  5  6  7  8  9 10 11 |
---------------+----------------------------------+-----
Axes           | 2 3 4 5 6 |  6.0
Dodging        | 1 2 3 4 5 |  5.1
Armour         | 2 3 4 5 6 |  6.5
Invocations    | 3 4 5 6 7 8 |  8.3
Fighting       | 4 5 6 |  6.7
Bows           | 3 7 9 10 | 10.7
Throwing       | |  0.8

Action                   |  1- 3 |  4- 6 |  7- 9 | 10-12 || total
-------------------------+-------+-------+-------+-------++-------
Melee: Hand axe          |    83 |   224 |    16 |       ||   323
       Kick              |    14 |    41 |     2 |    73 ||   130
       Unarmed           |       |       |    11 |       ||    11
       Shortbow          |       |       |     1 |       ||     1
       War axe           |       |       |       |   218 ||   218
 Fire: Shortbow          |       |       |   232 |   100 ||   332
Throw: Boomerang         |       |       |       |    18 ||    18
Invok: Depart the Abyss  |     1 |       |       |     1 ||     2
       Banish            |       |       |       |    10 ||    10
       Bend Space        |       |       |       |     2 ||     2
  Use: Scroll            |     1 |     3 |     7 |     7 ||    18
       Potion            |       |     4 |       |     1 ||     5
  Eat: Chunk             |     1 |     6 |     5 |     7 ||    19
       Ration            |       |       |     1 |     3 ||     4
Armor: Leather armour    |     4 |       |       |       ||     4
       Scale mail        |    31 |   135 |    29 |       ||   195
       Ring mail         |       |       |    15 |   147 ||   162
       Skin              |       |       |     1 |       ||     1
       Chain mail        |       |       |       |     8 ||     8
Dodge: Dodged            |    24 |   115 |    36 |   220 ||   395

Table legend:
 A = Non-vault XP
 B = Vault XP
 C = Vault XP percentage of total XP
 D = Non-vault monster count
 E = Vault monster count
 F = Vault count percentage of total count
                 A         B        C        D         E       F
            +---------+---------+-------+---------+---------+-------
      Total |    6466 |    7370 |  53.3 |     207 |      46 |  18.2
            +---------+---------+-------+---------+---------+-------
        D:1 |      73 |       0 |   0.0 |      20 |       0 |   0.0
        D:2 |     104 |       0 |   0.0 |      29 |       0 |   0.0
        D:3 |     336 |      37 |   9.9 |      35 |       1 |   2.8
        D:4 |     581 |     438 |  43.0 |      20 |       3 |  13.0
        D:5 |     152 |     149 |  49.5 |       5 |       4 |  44.4
        D:6 |    1040 |       1 |   0.1 |      25 |       1 |   3.8
        D:7 |    1332 |    1539 |  53.6 |      25 |       3 |  10.7
        D:8 |     918 |    1221 |  57.1 |      28 |      25 |  47.2
        D:9 |     987 |     973 |  49.6 |      14 |       1 |   6.7
     Lair:1 |     927 |     587 |  38.8 |       4 |       3 |  42.9
    Abyss:1 |      16 |       0 |   0.0 |       2 |       0 |   0.0
    Volcano |       0 |    2425 | 100.0 |       0 |       5 | 100.0
            +---------+---------+-------+---------+---------+-------
